 Dungeon Crawl Stone Soup version 0.22.1-1-ga44c0e56f4 (webtiles) character file.

290 aaaaaaaaaaaaaaaaaa the Slasher (level 6, 0/43 HPs)
             Began as a Demonspawn Chaos Knight on Nov 6, 2018.
             Killed from afar by an orc wizard (6 damage)
             ... with a magic dart
             ... on level 4 of the Dungeon.
             The game lasted 00:08:28 (3452 turns).

aaaaaaaaaaaaaaaaaa the Slasher (DsCK)               Turns: 3452, Time: 00:08:28

Health: 0/43       AC: 10    Str: 10 (13) XL:     6   Next: 9%
Magic:  6/6        EV:  8    Int: 11 (13) God:    Xom [*.....]
Gold:   106        SH:  7    Dex: 11 (14) Spells: 5/5 levels left

rFire    . . .     SeeInvis .   a - +1 falchion (chaos)
rCold    . . .     Gourm    .   j - +0 shield
rNeg     . . .     Faith    .   b - +2 leather armour
rPois    .         Spirit   .   (helmet restricted)
rElec    .         Reflect  .   l - +0 cloak
rCorr    .         Harm     .   n - +0 pair of gloves
MR       .....                  (no boots)
Stlth    +.........             (no amulet)
HPRegen  0.14/turn              (no ring)
MPRegen  0.10/turn              (no ring)

@: no status effects
A: antennae 2, thin metallic scales 2, frail 1, screaming 2
a: Renounce Religion


You were on level 4 of the Dungeon.
You worshipped Xom.
You were a special plaything of Xom.
You were not hungry.

You visited 1 branch of the dungeon, and saw 4 of its levels.

You collected 106 gold pieces.

Inventory:

Hand Weapons
 a - a +1 falchion of chaos (weapon)
Missiles
 e - 94 stones (quivered)
Armour
 b - a +2 leather armour (worn)
 j - a +0 shield (worn)
 l - a +0 cloak (worn)
 n - a +0 pair of gloves (worn)
Wands
 h - a wand of polymorph (9)
Scrolls
 d - 3 scrolls of identify
 f - a scroll of remove curse
 k - a scroll of teleportation
 o - a scroll of immolation {unknown}
 p - a scroll of enchant armour {unknown}
Potions
 m - a potion of flight
Comestibles
 c - 7 rations
 g - a chunk of flesh


   Skills:
 + Level 4.1 Fighting
 * Level 4.9 Long Blades
 + Level 2.6 Armour
 + Level 1.6 Dodging
 * Level 0.9 Shields


You had 5 spell levels left.
You didn't know any spells.
Your spell library was empty.

Dungeon Overview and Level Annotations

Branches:
Dungeon (4/15)
 Temple: D:4-7

Altars:
Xom


Innate Abilities, Weirdness & Mutations

You have a pair of antennae on your head.
You are mostly covered in thin metallic scales. (AC +3)
You are frail. (-10% HP)
You sometimes yell uncontrollably at your foes.


Message History

The orc wizard is moderately wounded.
The orc wizard is no longer moving slowly.
The orc completely misses your butterfly.
You block the orc wizard's attack.
You closely miss the orc wizard.
The orc wizard is moderately wounded.
The orc wizard hits you but does no damage.
You block the orc wizard's attack.
The orc wizard hits you but does no damage. x2
You hit the orc wizard but do no damage.
The orc wizard is moderately wounded.
The orc hits you but does no damage. You block the orc wizard's attack.
Evoke which item? (* to show all) (? for menu, Esc to quit)
Aiming: Polymorph
Press: ? - help, Shift-Dir - straight line, f - orc wizard
Aim: an orc wizard, wielding a dagger and wearing a robe (moderately wounded, The orc wizard resists with some effort.
The orc wizard casts a spell at you. The magic dart hits you!
You die...

#.#.#.....#.# #.###.........#..
#.............#.#
#####...###.....# #...##....#..
############.<..........
.............#######l#.#
#########....b...o...)^..........
.....[..#.......@o...#####....>..
........#.......b....# #.###.##
........#............# #. #.#
........#########.##.# # #.#
........###### #.##.# #.
.............# #.##.# #.
........####.# #.##.#
.........#<#.# #.##.#
.........#.#.# #.##.#


You could see an orc wizard and an orc.

Vanquished Creatures
  An iguana (D:4)
  An orc wizard (D:3)
  Robin (D:2)
  4 gnolls
  8 adders
  2 oozes (D:3)
  4 worms
  3 dart slugs
  4 leopard geckos
  6 orcs
  5 giant cockroaches
  12 goblins
  15 hobgoblins
  A ball python (D:1)
  7 bats
  4 frilled lizards
  5 kobolds
  6 rats
89 creatures vanquished.

Vanquished Creatures (others)
  4 toadstools (D:1)
4 creatures vanquished.

Grand Total: 93 creatures vanquished

Notes
Turn   | Place    | Note
-------+----------+-------------------------------------------
     0 | D:1      | aaaaaaaaaaaaaaaaaa the Demonspawn Chaos Knight began the
                  | quest for the Orb.
     0 | D:1      | Reached XP level 1. HP: 18/18 MP: 1/1
    91 | D:1      | Gained mutation: You have a pair of small antennae on your
                  | head. [demonic ancestry]
    91 | D:1      | Reached XP level 2. HP: 18/24 MP: 2/2
   327 | D:1      | Found a shimmering altar of Xom.
   651 | D:2      | Noticed Robin
   654 | D:2      | Gained mutation: You are partially covered in thin metallic
                  | scales. (AC +2) [demonic ancestry]
   654 | D:2      | Reached XP level 3. HP: 18/29 MP: 3/3
   678 | D:1      | Reached skill level 1 in Dodging
   834 | D:2      | XOM: harmless Necr miscast
  1002 | D:2      | Killed Robin
  1051 | D:2      | Gained mutation: You have a pair of antennae on your head.
                  | [demonic ancestry]
  1051 | D:2      | Reached XP level 4. HP: 21/37 MP: 4/4
  1242 | D:2      | XOM: mild Air miscast
  1304 | D:2      | XOM: 5-stop teleportation journey
  1603 | D:2      | XOM: smoke on damage
  1851 | D:2      | XOM: summons 1 hostile demon
  2406 | D:3      | Reached XP level 5. HP: 40/42 MP: 5/5
  3209 | D:3      | XOM: harmless Pois miscast
  3274 | D:3      | XOM: give mutations
  3274 | D:3      | Gained mutation: You occasionally shout uncontrollably at
                  | your foes. [Xom's mischief]
  3274 | D:3      | Gained mutation: You are frail. (-10% HP) [Xom's mischief]
  3274 | D:3      | Gained mutation: You sometimes yell uncontrollably at your
                  | foes. [Xom's mischief]
  3284 | D:4      | Gained mutation: You are mostly covered in thin metallic
                  | scales. (AC +3) [demonic ancestry]
  3284 | D:4      | Reached XP level 6. HP: 21/43 MP: 6/6
  3440 | D:4      | XOM: butterfly on damage
  3452 | D:4      | Killed from afar by an orc wizard

Skill      XL: |  1  2  3  4  5 |
---------------+----------------+-----
Long Blades    | 3 4 |  4.9
Armour         | 2 |  2.6
Dodging        | 1 |  1.6
Fighting       | 4 |  4.1
Shields        | |  0.9

Action                   |  1- 3 |  4- 6 || total
-------------------------+-------+-------++-------
Melee: Falchion          |   105 |   203 ||   308
       Unarmed           |    20 |       ||    20
Evoke: Wand              |       |     2 ||     2
  Use: Scroll            |       |     5 ||     5
       Potion            |       |     5 ||     5
 Stab: Confused          |     1 |       ||     1
       Paralysed         |       |     3 ||     3
  Eat: Chunk             |     1 |     8 ||     9
Armor: Leather armour    |    49 |   123 ||   172
Dodge: Dodged            |    86 |   114 ||   200
Block: Shield            |       |    22 ||    22
       Rpst.: Falchion   |    29 |    29 ||    58
